 Dungeon Crawl Stone Soup version 0.30-a0-591-g3c58d2b (webtiles) character file.

Game seed: 10724154976431970608

117403 malesh the Earth Mage (level 16, 110/110 HPs)
             Began as a White Draconian Earth Elementalist on Oct 25, 2022.
             Was a High Priest of Vehumet.
             Quit the game on level 2 of the Lair of Beasts on Jan 4, 2023.
             The game lasted 02:03:26 (29923 turns).

malesh the Earth Mage (DrEE)                       Turns: 29923, Time: 02:03:26

Health: 110/110    AC: 23    Str: 14    XL:     16   Next: 23%
Magic:  35/35      EV: 27    Int: 35    God:    Vehumet [*****.]
Gold:   1602       SH:  8    Dex: 23    Spells: 13/46 levels left

rFire   + . .      SeeInvis +    b - +6 flail of Cataclysm {drain, +Blink rElec rPois rN+ Stlth-}
rCold   + . .      Faith    .    Q - +2 buckler {AC+3}
rNeg    + . .      Spirit   .    (body armour unavailable)
rPois   +          Reflect  .    m - +2 hat of Ru, Healing {Int+3}
rElec   +          Harm     +    j - +2 cloak "Fostrus" {Harm Regen+ Dex+8}
rCorr   .          Rampage  .    R - +2 pair of gloves of the Four Smoking Suns {Will+ Int+3}
Will    ++...                    K - +2 pair of boots
Stlth   ++                       l - amulet of the Open Hand {RegenMP rF+ Regen+ Str+3 Int+4}
HPRegen 1.98/turn                f - +4 ring of evasion
MPRegen 0.64/turn                d - ring of Spite {+Blink Int+5 SInv}

@: no status effects
A: breathe frost, AC +9, unfitting armour, cold resistance 1, cold-blooded,
stinger 1
a: Breathe Frost, Renounce Religion, Evoke Blink


You were on level 2 of the Lair of Beasts.
You worshipped Vehumet.
Vehumet was extremely pleased with you.
You visited 4 branches of the dungeon, and saw 23 of its levels.
You also visited: Ossuary and Gauntlet.

You collected 2392 gold pieces.
You spent 790 gold pieces at shops.

Inventory:

Hand Weapons
 a - the +10 spear of Ifostrunu {heavy, rCorr Dex+4}
   (You found it on level 5 of the Dungeon)

   Dex:       It affects your dexterity (+4).
   rCorr:     It protects you from acid and corrosion.
 b - the +6 flail of Cataclysm (weapon) {drain, +Blink rElec rPois rN+ Stlth-}
   (You found it on level 10 of the Dungeon)

   rElec:     It insulates you from electricity.
   rPois:     It protects you from poison.
   rN:        It protects you from negative energy.
   +Blink:    It lets you blink.
   Stlth:     It makes you less stealthy.
Armour
 c - a +0 kite shield
 j - the +2 cloak "Fostrus" (worn) {Harm Regen+ Dex+8}
   (You found it in a Gauntlet)

   Dex:       It affects your dexterity (+8).
   Regen:     It increases your rate of health regeneration.
   Harm:      It increases damage dealt and taken.
 m - the +2 hat of Ru, Healing (worn) {Int+3}
   (You acquired it in an ossuary)

   Int:       It affects your intelligence (+3).
 K - a +2 pair of boots (worn)
 Q - a +2 buckler of protection (worn)
 R - the +2 pair of gloves of the Four Smoking Suns (worn) {Will+ Int+3}
   (You bought it in a shop on level 2 of the Orcish Mines)

   Int:       It affects your intelligence (+3).
   Will:      It increases your willpower.
Jewellery
 d - the ring of Spite (right hand) {+Blink Int+5 SInv}
   (You acquired it in an ossuary)

   [ring of see invisible]

   Int:       It affects your intelligence (+5).
   SInv:      It lets you see invisible.
   +Blink:    It lets you blink.
 f - a +4 ring of evasion (left hand)
 l - the amulet of the Open Hand (around neck) {RegenMP rF+ Regen+ Str+3 Int+4}
   (You acquired it on level 1 of the Lair of Beasts)

   [amulet of magic regeneration]

   It increases your rate of magic regeneration.
   Str:       It affects your strength (+3).
   Int:       It affects your intelligence (+4).
   rF:        It protects you from fire.
   Regen:     It increases your rate of health regeneration.
 O - a ring of resist corrosion
Wands
 y - a wand of iceblast (28)
 B - a wand of flame (7)
 H - a wand of charming (6)
 I - a wand of acid (15)
 J - a wand of digging (14)
Scrolls
 e - 10 scrolls of teleportation
 g - 9 scrolls of blinking
 n - 4 scrolls of magic mapping
 r - 4 scrolls of fear
 t - 2 scrolls of poison
 u - 3 scrolls of butterflies
 v - 3 scrolls of identify
 C - 5 scrolls of immolation
Potions
 h - 6 potions of flight
 i - 4 potions of cancellation
 k - 3 potions of brilliance
 o - 4 potions of heal wounds
 q - 2 potions of invisibility
 w - a potion of magic
 x - 13 potions of curing
 z - 2 potions of haste
 E - 5 potions of might
 F - 2 potions of berserk rage {unknown}
 L - a potion of lignification {unknown}
 M - 4 potions of attraction


   Skills:
 - Level 1.7 Fighting
 - Level 3.7 Polearms
 + Level 13.4 Dodging
 - Level 3.1 Stealth
 + Level 5.4 Shields
 - Level 0.2 Unarmed Combat
 * Level 15.9 Spellcasting
 + Level 8.7 Conjurations
 - Level 3.0 Translocations
 - Level 5.0 Transmutations
 - Level 5.0 Air Magic
 * Level 16.9 Earth Magic


You had 13 spell levels left.
You knew the following spells:

 Your Spells              Type           Power      Damage    Failure   Level
a - Sandblast             Erth           100%       2d20      0%          1
b - Passwall              Tmut/Erth      67%        N/A       1%          2
c - Stone Arrow           Conj/Erth      100%       3d13      1%          3
d - Petrify               Tmut/Erth      81%        N/A       1%          4
e - Iskenderun's Mystic   Conj/Tloc      62%        2d13      1%          4
f - Statue Form           Tmut/Erth      54%        N/A       3%          6
g - Swiftness             Air            58%        N/A       1%          3
h - Arcjolt               Conj/Air       33%        1d43      1%          5
i - Lee's Rapid Deconstr  Erth           49%        3d23*     1%          5

Your spell library contained the following spells:

 Spells                   Type           Power      Damage    Failure   Level
 Irradiate                Conj/Tmut      33%        3d22      1%          5
 Apportation              Tloc           96%        N/A       1%          1
 Necrotise                Necr           100%       1d9       1%          1
 Shock                    Conj/Air       100%       1d9       1%          1
 Slow                     Hex            100%       N/A       1%          1
 Dazzling Flash           Conj/Hex       100%       N/A       1%          3
 Inner Flame              Hex/Fire       27%        N/A       1%          3
 Spider Form              Tmut/Pois      45%        N/A       1%          3
 Airstrike                Air            29%        2d(5-21)  1%          4
 Ensorcelled Hibernation  Hex/Ice        54%        N/A       2%          2
 Passage of Golubria      Tloc           48%        N/A       4%          4
 Yara's Violent Unravell  Hex/Tmut       22%        3d10      4%          5
 Confusing Touch          Hex            27%        N/A       5%          3
 Tukima's Dance           Hex            27%        N/A       5%          3
 Vampiric Draining        Necr           27%        2d7       5%          3
 Blade Hands              Tmut           29%        N/A       6%          5
 Starburst                Conj/Fire      28%        6d9       12%         6
 Anguish                  Hex/Necr       13%        N/A       17%         4
 Cause Fear               Hex            13%        N/A       17%         4
 Alistair's Intoxication  Tmut/Pois      30%        N/A       17%         5
 Eringya's Noxious Bog    Tmut/Pois      22%        N/A       24%         6
 Summon Forest            Summ/Tloc      19%        N/A       26%         5
 Metabolic Englaciation   Hex/Ice        13%        N/A       43%         5
 Summon Mana Viper        Hex/Summ       27%        N/A       43%         5
 Summon Cactus Giant      Summ           13%        N/A       95%         6
 Malign Gateway           Summ/Tloc      19%        N/A       100%        7
 Discord                  Hex            13%        N/A       100%        8
 Summon Horrible Things   Summ           13%        N/A       100%        8


Dungeon Overview and Level Annotations

Branches:
Dungeon (15/15)            Temple (1/1) D:7            Lair (5/5) D:9
 Shoals (0/4) Lair:2       Spider (0/4) Lair:3        Slime (0/5) Lair:5
    Orc (2/2) D:10            Elf (0/3) Orc:2        Vaults (0/5) D:13
 Depths (0/4) D:15        Ossuary (visited)         Gauntlet (visited)

Altars:
Ashenzari
Cheibriados
Dithmenos
Elyvilon
Fedhas
Gozag
Hepliaklqana
Kikubaaqudgha
Makhleb
Nemelex Xobeh
Okawaru
Qazlal
Ru
Sif Muna
Trog
Uskayaw
Vehumet
Wu Jian
Xom
Yredelemnul
Zin
The Shining One
Jiyva

Shops:
D:2 (   D:6 (((?!   Orc:1 !   Orc:2 (:!*[

Portals:
Pandemonium: Orc:2


Innate Abilities, Weirdness & Mutations

You can breathe waves of freezing cold which knock back foes.
Your icy white scales are hard. (AC +9)
You cannot fit into any form of body armour.
Your flesh is cold resistant. (rC+)
You are cold-blooded and may be slowed by cold attacks.
Your tail ends in a venomous barb.


Message History

l - the amulet of the Open Hand {RegenMP rF+ Regen+ Str+3 Int+4}
Okay, then.
You start removing your amulet.
You continue taking off your amulet of the acrobat. x4
You finish taking off your amulet of the acrobat.
You start putting on your amulet.
You continue putting on the amulet of the Open Hand {RegenMP rF+ Regen+ Str+3 Int+4}. x5
You finish putting on the amulet of the Open Hand {RegenMP rF+ Regen+ Str+3 Int+4}.
The amulet of the Open Hand throbs as it attunes itself to your uninjured body.
You feel stronger.
You feel clever.
l - the amulet of the Open Hand (around neck) {RegenMP rF+ Regen+ Str+3 Int+4}
Items here: !! """ ( //// ============ ???? [.
You drop an amulet of the acrobat.
You drop 4 scrolls of vulnerability.
You drop 4 scrolls of amnesia.
(D) Dungeon (T) Temple (L) Lair (A) Shoals (N) Spider Nest (M) Slime Pits (O) Orcish Mines (E) Elven Halls (V) Vaults (U) Depths
Where to? (Enter - Lair:1, ? - help)
Okay, then.
(D) Dungeon (T) Temple (L) Lair (A) Shoals (N) Spider Nest (M) Slime Pits (O) Orcish Mines (E) Elven Halls (V) Vaults (U) Depths
Where to? (Enter - Lair:1, ? - help)
Okay, then.
(D) Dungeon (T) Temple (L) Lair (A) Shoals (N) Spider Nest (M) Slime Pits (O) Orcish Mines (E) Elven Halls (V) Vaults (U) Depths
Where to? (Enter - Lair:1, ? - help)
What level of the Shoals? (default 1, ? - help)
There is a stone staircase leading down here.
You climb downwards.
There is a stone staircase leading up here.
There is an open door, spattered with blood here.
There is a staircase to the Shoals here.
Welcome back, malesh the White Draconian Earth Elementalist.
Vehumet says: Let it end in hellfire!
Press ? for a list of commands and other information.
Unknown command.
Are you sure you want to abandon this character and quit the game? (Confirm with "yes".)

####.......#P#P.####.##......#P#.
####..######.## #####..P######
######...# ####..###~###..#### #
.#..##P..###P~~~.~~~###...##P##
.........P~#~~≈~.~~~~#P....#..###
...........~~~##'##≈~~.........>.
...........~~##...##≈~...........
###.##.####~≈#.....#~~~#..##.##..
# ###### #~~~#..@..#≈~#########..
## #####~≈#.....#≈~###.#####..
.######P###~≈##...##≈~~#.#.##.#..
...........~~≈#####~~~...........
...<........~~≈≈~≈≈~~............
#..######...#~~~~~~~~.##[......##
#### ##..~~###~~#######...####
#P..P#~##### #...# #...####
##...###


There were no monsters in sight!

Vanquished Creatures
  Gastronok (D:9)
  A reaper (Gauntlet)
  A minotaur (Gauntlet)
  Snorg (Lair:4)
  2 ettins
  A quicksilver dragon zombie (D:15)
  2 vault guards (D:13)
  4 hydras
  A catoblepas (D:13)
  An anaconda (Lair:2)
  7 boulder beetles
  Erica (Lair:1)
  3 demonspawn (Orc:2)
  3 two-headed ogres
  4 centaur warriors
  An ogre mage (D:11)
  12 death yaks
  A hell hog (Gauntlet)
  3 tengu warriors (D:15)
  A vampire mage (D:15)
  6 orc high priests (Orc:2)
  A fire crab (Lair:2)
  Sonja (Orc:1)
  Nergalle (Orc:1)
  5 skeletal warriors
  A golden dragon zombie (D:15)
  3 wizards (D:13)
  7 orc knights
  Pikel (D:4)
  3 deep elf pyromancers
  A phantasmal warrior (D:10)
  2 necromancers
  7 orc sorcerers
  9 ugly things
  5 cyclopes
  3 manticores
  10 elephants
  6 black mambas
  Joseph (D:7)
  A torpor snail (Lair:2)
  2 gargoyles (D:13)
  8 kobold demonologists
  A yaktaur (D:13)
  5 komodo dragons
  10 cane toads
  A minotaur zombie (Gauntlet)
  6 rime drakes
  2 freezing wraiths
  2 ice devils (Orc:2)
  3 hellwings
  2 guardian mummies (D:15)
  2 red devils (Orc:2)
  10 trolls
  A meliai (shapeshifter) (D:15)
  2 spriggan skeletons (D:15)
  7 hornets (Lair:5)
  9 polar bears
  18 dream sheep
  14 blink frogs
  A snapping turtle (Lair:2)
  19 slime creatures
  5 culicivoras (Lair:3)
  4 shadows
  39 yaks
  13 spriggans (Lair:5)
  2 water elementals (D:13)
  2 wyverns
  A wraith (D:12)
  A centaur simulacrum (D:14)
  Eustachio (D:6)
  6 basilisks
  3 fire bats (Gauntlet)
  5 steam dragons
  15 humans (D:13)
  A vampire mosquito (D:6)
  Menkaure (D:7)
  17 water moccasins
  A hell hound (Gauntlet)
  An ice beast (D:7)
  2 sky beasts
  35 orc warriors
  5 black bears
  3 boggarts (Lair:5)
  14 centaurs
  19 wolves
  4 ogres
  2 phantoms
  4 kobold brigands
  3 lemures (D:4)
  3 elf zombies (Ossuary)
  12 bullfrogs
  Blork the orc (D:6)
  3 gnoll sergeants
  4 scorpions
  9 wights
  16 killer bees
  3 electric eels
  3 howler monkeys
  6 hounds
  3 jellies
  20 orc priests
  A gnoll bouda (D:8)
  2 human zombies (Ossuary)
  Jessica (D:3)
  5 iguanas
  13 orc wizards
  A hell rat (Lair:2)
  2 mummies (Ossuary)
  Robin (D:2)
  5 adders
  14 gnolls
  2 shadow imps
  4 white imps
  3 adder skeletons (D:2)
  2 adder zombies (Ossuary)
  3 worms (D:2)
  3 dart slugs
  75 orcs
  6 ball pythons
  7 endoplasms
  6 giant cockroaches
  7 goblins
  6 hobgoblins
  5 jackals
  31 kobolds
  10 quokkas
  A ball python zombie (D:2)
  5 bats
  4 frilled lizards
  2 goblin zombies (Ossuary)
  16 hobgoblin zombies (Ossuary)
  5 kobold zombies (Ossuary)
  5 orc zombies (Ossuary)
  A quokka skeleton (D:2)
  2 rats
  A rat zombie (Ossuary)
799 creatures vanquished.

Vanquished Creatures (others)
  47 fungi
  44 plants
  13 withered plants
104 creatures vanquished.

Grand Total: 903 creatures vanquished

Notes
Turn   | Place    | Note
-------+----------+-------------------------------------------
     0 | D:1      | malesh the Draconian Earth Elementalist began the quest for
                  | the Orb.
     0 | D:1      | Reached XP level 1. HP: 14/14 MP: 3/3
   203 | D:1      | Reached XP level 2. HP: 13/20 MP: 0/5
   393 | D:1      | Learned a level 2 spell: Passwall
   589 | D:1      | Reached XP level 3. HP: 26/26 MP: 0/6
   842 | D:2      | Learned a level 3 spell: Stone Arrow
  1471 | D:2      | Reached XP level 4. HP: 33/33 MP: 2/8
  1481 | D:2      | Found Ylyab's Weapon Shoppe.
  1481 | D:2      | Noticed Robin
  1599 | D:2      | Killed Robin
  2197 | D:3      | Reached skill level 4 in Earth Magic
  2619 | D:3      | Noticed Jessica
  2625 | D:3      | Killed Jessica
  2626 | D:3      | Reached XP level 5. HP: 38/38 MP: 5/10
  2756 | D:3      | Found a sparkling altar of Nemelex Xobeh.
  2980 | D:4      | You fall into a shaft and drop 3 floors!
  2994 | D:6      | Found Lahimong's Weapon Shop.
  3001 | D:6      | Found a large runed translucent door.
  3002 | D:6      | Found a large runed translucent door.
  3002 | D:6      | Noticed a manticore
  3070 | D:6      | Found Zuoqiuts's Antique Weapon Emporium.
  3081 | D:6      | Found Byus's Weapon Shop.
  3108 | D:6      | Noticed a sky beast
  3114 | D:6      | Killed a sky beast
  3115 | D:6      | Reached XP level 6. HP: 37/45 MP: 6/12
  3160 | D:6      | Noticed an orc warrior
  3180 | D:6      | Reached skill level 5 in Earth Magic
  3210 | D:6      | Found Nicvesuf's Distillery.
  3212 | D:6      | Noticed Blork the orc
  3218 | D:6      | Noticed a water moccasin
  3219 | D:6      | Killed Blork the orc
  3220 | D:6      | Reached skill level 5 in Spellcasting
  3220 | D:6      | Found Goyng's Magic Scroll Shop.
  3240 | D:6      | Gained mutation: Your tail ends in a venomous barb. [potion
                  | of mutation]
  3419 | D:6      | Killed a water moccasin
  3420 | D:6      | Your scales start taking on an icy white colour.
  3420 | D:6      | Reached XP level 7. HP: 48/51 MP: 10/15
  3420 | D:6      | Gained mutation: Your flesh is cold resistant. (rC+) [White
                  | Draconian growth]
  3489 | D:6      | Found a sand-covered staircase.
  3499 | Ossuary  | Entered an ossuary
  3592 | Ossuary  | Learned a level 4 spell: Petrify
  3799 | Ossuary  | Reached skill level 6 in Earth Magic
  3918 | Ossuary  | Identified 2 scrolls of acquirement
  3928 | Ossuary  | Acquired the ring of Spite {+Blink Int+5 SInv}
  3932 | Ossuary  | Acquired the +2 hat of Ru, Healing {Int+3}
  3965 | Ossuary  | Reached XP level 8. HP: 58/58 MP: 12/17
  4177 | D:6      | Bought a scroll of fear for 52 gold pieces
  4177 | D:6      | Bought a scroll of identify for 26 gold pieces
  4177 | D:6      | Bought a scroll of poison for 52 gold pieces
  4177 | D:6      | Bought a scroll of identify for 26 gold pieces
  4188 | D:6      | Found a large runed translucent door.
  4188 | D:6      | Found a large runed translucent door.
  4266 | D:6      | Reached skill level 7 in Earth Magic
  4659 | D:6      | Reached skill level 8 in Earth Magic
  4683 | D:6      | Reached XP level 9. HP: 58/63 MP: 13/20
  4883 | D:7      | Reached skill level 1 in Fighting
  5096 | D:6      | Noticed Eustachio
  5104 | D:6      | Killed Eustachio
  5137 | D:6      | Found a shimmering altar of Xom.
  5157 | D:6      | Got the Almanac of Changing
  5287 | D:5      | Entered Level 5 of the Dungeon
  5377 | D:4      | Reached skill level 9 in Earth Magic
  5414 | D:4      | Found an opulent altar of Gozag.
  5449 | D:4      | Found a bloodstained altar of Trog.
  5550 | D:4      | Found a hazy altar of Hepliaklqana.
  5637 | D:4      | Noticed Pikel
  5641 | D:4      | Killed Pikel
  6177 | D:5      | Identified the +10 spear of Ifostrunu {vorpal, rCorr Dex+4}
  6215 | D:5      | Found an ornate altar of the Wu Jian Council.
  6259 | D:5      | Reached XP level 10. HP: 71/71 MP: 21/23
  6671 | D:5      | Found a hide-covered altar of Uskayaw.
  6870 | D:6      | Killed a manticore
  6871 | D:6      | Reached skill level 10 in Earth Magic
  7245 | D:7      | Found a staircase to the Ecumenical Temple.
  7250 | D:7      | Noticed Menkaure
  7252 | D:7      | Killed Menkaure
  7260 | Temple   | Entered the Ecumenical Temple
  7534 | Temple   | Became a worshipper of Vehumet
  7629 | D:7      | Found a stormy altar of Qazlal.
  7804 | D:7      | Found a glowing golden altar of the Shining One.
  7957 | D:7      | Noticed Joseph
  7965 | D:7      | Killed Joseph
  7966 | D:7      | Reached skill level 1 in Polearms
  7966 | D:7      | Reached skill level 1 in Conjurations
  8384 | D:7      | Learned a level 4 spell: Iskenderun's Mystic Blast
  8448 | D:8      | Reached skill level 10 in Spellcasting
  8672 | D:8      | Found a shadowy altar of Dithmenos.
  8681 | D:8      | Reached * piety under Vehumet
  8681 | D:8      | Offered knowledge of Shock by Vehumet.
  8696 | D:8      | Reached skill level 5 in Dodging
  8696 | D:8      | Reached skill level 1 in Translocations
  9359 | D:9      | Noticed a death yak
  9359 | D:9      | Noticed a death yak
  9362 | D:9      | Noticed a death yak
  9404 | D:8      | Killed a death yak
  9502 | D:9      | Found a staircase to the Lair.
  9678 | D:9      | Noticed Gastronok
  9689 | D:9      | HP: 1/73 [Gastronok/the air (24)]
  9690 | D:9      | Killed Gastronok
  9691 | D:9      | Reached XP level 11. HP: 2/79 MP: 7/25
 10147 | D:8      | Killed a death yak
 10280 | D:9      | Killed a death yak
 10573 | D:10     | Entered Level 10 of the Dungeon
 10574 | D:10     | Noticed a two-headed ogre
 10769 | D:9      | Killed a two-headed ogre
 10811 | D:10     | Found a snail-covered altar of Cheibriados.
 10835 | D:10     | Reached skill level 11 in Earth Magic
 11468 | D:10     | Noticed a two-headed ogre
 11473 | D:10     | Killed a two-headed ogre
 11516 | D:10     | Identified the +6 flail of Cataclysm {drain, +Blink rElec
                  | rPois rN+ Stlth-}
 11542 | D:10     | Found a staircase to the Orcish Mines.
 11549 | D:10     | Reached skill level 5 in Conjurations
 11856 | D:10     | Noticed an orc knight
 11857 | D:10     | Reached ** piety under Vehumet
 11857 | D:10     | Offered knowledge of Freeze by Vehumet.
 12086 | Lair:1   | Entered Level 1 of the Lair of Beasts
 12447 | Lair:1   | Reached XP level 12. HP: 76/85 MP: 22/27
 12762 | Lair:1   | Noticed Erica
 12770 | Lair:1   | Killed Erica
 13087 | Lair:2   | Offered knowledge of Momentum Strike by Vehumet.
 13189 | Lair:2   | Found a staircase to the Shoals.
 13199 | Lair:2   | Reached skill level 12 in Earth Magic
 13282 | Lair:2   | Noticed a boulder beetle
 13298 | Lair:2   | Killed a boulder beetle
 13612 | Lair:2   | Found a glowing golden altar of the Shining One.
 14148 | Lair:2   | Reached *** piety under Vehumet
 14293 | Lair:2   | Reached skill level 10 in Dodging
 14679 | Lair:2   | Identified the +1 scale mail "Pikkasus" {Harm rN++ Dex-4}
 14681 | Lair:2   | Noticed an anaconda
 15085 | Lair:2   | Killed an anaconda
 15215 | Lair:3   | Reached skill level 13 in Earth Magic
 15379 | Lair:3   | Offered knowledge of Ignite Poison by Vehumet.
 15462 | Lair:3   | Found a hole to the Spider Nest.
 15473 | Lair:3   | Reached XP level 13. HP: 25/91 MP: 2/29
 16728 | Lair:4   | Found a gate leading to a gauntlet.
 16747 | Gauntlet | Entered a Gauntlet
 16747 | Gauntlet | Found a transporter.
 16750 | Gauntlet | Found a transporter.
 16752 | Gauntlet | Noticed a reaper
 16753 | Gauntlet | Found a transporter.
 16757 | Gauntlet | Found a transporter.
 16758 | Gauntlet | Found a transporter.
 16760 | Gauntlet | Found a transporter.
 16767 | Gauntlet | Found a transporter.
 16768 | Gauntlet | Found a transporter.
 16777 | Gauntlet | Found a runed translucent door.
 16787 | Gauntlet | Found a transporter.
 16804 | Gauntlet | Found a transporter.
 16808 | Gauntlet | Found a transporter.
 16819 | Gauntlet | Found a transporter.
 17044 | Gauntlet | Learned a level 6 spell: Statue Form
 17056 | Gauntlet | Killed a reaper
 17213 | Gauntlet | Identified the amulet "Mathrelao" {Spirit rElec rF+++ Int-4
                  | Dex-5}
 17215 | Gauntlet | Identified the +2 cloak "Fostrus" {Harm Regen+ Dex+8}
 17241 | Gauntlet | Reached **** piety under Vehumet
 17294 | Gauntlet | Found the necklace of Bloodlust {*Rage Will++ Int-3 Slay+6}
 17294 | Gauntlet | Noticed a minotaur
 17301 | Gauntlet | Killed a minotaur
 17908 | Lair:4   | Offered knowledge of Fulminant Prism by Vehumet.
 18163 | Lair:4   | Noticed Snorg
 18169 | Lair:4   | Killed Snorg
 18398 | Lair:4   | Reached skill level 14 in Earth Magic
 18843 | Lair:5   | Entered Level 5 of the Lair of Beasts
 19341 | Lair:5   | Reached ***** piety under Vehumet
 19341 | Lair:5   | Offered knowledge of Arcjolt by Vehumet.
 19342 | Lair:5   | Reached XP level 14. HP: 75/97 MP: 11/31
 19553 | Lair:5   | Found a viscous altar of Jiyva.
 19553 | Lair:5   | Found a staircase to the Slime Pits.
 20348 | Lair:5   | Learned a level 3 spell: Swiftness
 20354 | Lair:5   | Learned a level 5 spell: Arcjolt
 20506 | Lair:5   | Identified the +0 leather armour of Amorality {rC+ Str+4}
 20572 | Lair:5   | Identified the +1 leather armour "Ohify" {rElec Int+4}
 20630 | Lair:5   | Reached skill level 1 in Air Magic
 20630 | Lair:5   | Reached skill level 15 in Earth Magic
 21093 | Orc:1    | Entered Level 1 of the Orcish Mines
 21095 | Orc:1    | Noticed Nergalle
 21240 | Orc:1    | Killed Nergalle
 21379 | Orc:1    | Found Kariwoirch's Distillery.
 21414 | Orc:1    | Bought a potion of curing for 48 gold pieces
 21414 | Orc:1    | Bought 3 potions of curing for 144 gold pieces
 21648 | Orc:2    | Entered Level 2 of the Orcish Mines
 21963 | Orc:2    | Paralysed by an orc sorcerer for 5 turns
 22001 | Orc:2    | Offered knowledge of Lightning Bolt by Vehumet.
 22431 | D:10     | Reached skill level 5 in Transmutations
 22484 | D:11     | Reached skill level 1 in Shields
 23803 | D:12     | Reached XP level 15. HP: 103/103 MP: 25/33
 23945 | D:12     | Got the Parchment of the Jolly Xenops
 24143 | D:13     | Found a shimmering altar of Xom.
 24353 | D:13     | Offered knowledge of Lee's Rapid Deconstruction by Vehumet.
 24360 | D:13     | Learned a level 5 spell: Lee's Rapid Deconstruction
 24600 | D:13     | Reached skill level 15 in Spellcasting
 24970 | D:13     | Reached skill level 16 in Earth Magic
 25181 | D:13     | Found a broken altar of Ashenzari.
 25181 | D:13     | Found a glowing golden altar of the Shining One.
 25183 | D:13     | Found an ornate altar of the Wu Jian Council.
 25183 | D:13     | Found an iron altar of Okawaru.
 25183 | D:13     | Found a hazy altar of Hepliaklqana.
 25417 | D:13     | Found a gate to the Vaults.
 26193 | D:14     | Found a sacrificial altar of Ru.
 26433 | D:15     | Entered Level 15 of the Dungeon
 27101 | D:15     | Reached skill level 5 in Air Magic
 27301 | D:15     | Offered knowledge of Freezing Cloud by Vehumet.
 27821 | D:15     | Found a staircase to the Depths.
 28212 | Orc:2    | Upgraded the game from 0.30-a0-311-gf115ab0 to
                  | 0.30-a0-578-gdee14c5
 28380 | Orc:2    | Found Rume's General Store.
 28435 | Orc:2    | Found Egealong's Distillery.
 28450 | Orc:2    | Bought a potion of haste for 110 gold pieces
 28545 | Orc:2    | Found a staircase to the Elven Halls.
 28621 | Orc:2    | Found Wiqoyb's Antique Armour Emporium.
 28627 | Orc:2    | Bought a pair of masterwork gloves for 332 gold pieces
 28627 | Orc:2    | Identified the +2 pair of gloves of the Four Smoking Suns
                  | {Will+ Int+3} (You bought it in a shop on level 2 of the
                  | Orcish Mines)
 28747 | Orc:2    | Reached XP level 16. HP: 110/110 MP: 21/35
 28859 | Orc:2    | Reached skill level 5 in Shields
 29317 | Orc:2    | Offered knowledge of Irradiate by Vehumet.
 29417 | Orc:2    | Found Ryriurph's Antique Weapon Shop.
 29417 | Orc:2    | Found Rutwuseo's Book Boutique.
 29418 | Orc:2    | Found a one-way gate leading to the halls of Pandemonium.
 29681 | Orc:1    | Noticed Sonja
 29683 | Orc:1    | Killed Sonja
 29866 | Lair:1   | Acquired the amulet of the Open Hand {RegenMP rF+ Regen+
                  | Str+3 Int+4}
 29923 | Lair:2   | Upgraded the game from 0.30-a0-578-gdee14c5 to
                  | 0.30-a0-591-g3c58d2b
 29923 | Lair:2   | Quit the game

Illustrated notes

Levels and vault maps discovered:
D:1:      wander_arrival_peaceful_grave, layout_rooms, nicolae_wormholes
D:2:      layout_loops_ring, serial_undead, serial_undead_e, serial_undead_b,
          serial_undead_f, serial_undead_b, serial_shops,
          nicolae_shop_hallway_stairs, minmay_tetromino_o2, uniq_robin
D:3:      layout_loops_ring, lemuel_round_altar, kennysheep_jessica_study
D:4:      layout_basic, nicolae_gozag_seed_capital, kennysheep_mini,
          trog_ov_bears_minmay, uniq_pikel
D:5:      layout_basic, grunt_temple_overflow_open
D:6:      layout_rooms, mainiacjoe_overflow_alcove_2,
          chequers_ossuary_entry_cave, serial_shops, shop,
          kennysheep_little_box, shop, shop, nicolae_shop_stone,
          minmay_hollow_rounded_squares, uniq_blork_the_orc, uniq_eustachio
D:7:      layout_gridville, mainiacjoe_overflow_24_doors,
          overflow_temple_1_default, minmay_temple_entry_stoned_glass,
          uniq_joseph, uniq_menkaure
D:8:      nicolae_cairo_tiling_large_dashed, layout_rooms,
          mainiacjoe_overflow_catwalk
D:9:      layout_irregular_city, dpeg_lair_monsters, uniq_gastronok
D:10:     layout_loops_ring, nicolae_overflow_hidden_temple, david_orc_5
D:11:     nicolae_hexawheel, layout_cross, st_stairs_7, chequers_garden
D:12:     layout_loops_corners, nzn_sisyphean_effort
D:13:     layout_basic, grunt_vaults_entry_tiered, doesnt_xom_only_xom
D:14:     layout_loops_ring, nicolae_ru_path_of_blood
D:15:     gammafunk_depths_entry_grave, layout_basic, minmay_crystal_room,
          corner_web_ring
Temple:   chequers_temple_sunken
Lair:1:   layout_regular_city, uniq_erica
Lair:2:   layout_long_grid, minmay_shoals_entry_hut, basic_altar,
          nicolae_lair_lakeside_cave, grunt_megastairs_2
Lair:3:   layout_regular_city, hellmonk_spider_entry_life_and_decay,
          infiniplex_staircase_pool_2
Lair:4:   layout_layer_cave, gauntlet_entry_generic,
          chequers_serial_rivers_small_3, lemuel_fruit_fields,
          lemuel_fruit_tree, serial_bayou_shore_b, uniq_snorg
Lair:5:   minmay_lair_end_enchanted_forest, layout_regular_city, slime_entry_1,
          grunt_megastairs_5
Orc:1:    layout_diamond_mine, serial_shops,
          nicolae_shop_temple_entry_statues_fountains, uniq_nergalle, uniq_sonja
Orc:2:    pf_orc_diabolical, layout_caves, serial_shops, shop

Skill      XL: |  1  2  3  4  5  6  7  8  9 10 11 12 13 14 15 16 |
---------------+-------------------------------------------------+-----
Stealth        | 2 3 |  3.1
Dodging        | 2 3 6 8 10 11 12 13 | 13.4
Spellcasting   | 3 4 5 6 7 9 10 11 12 13 14 15 | 15.9
Earth Magic    | 4 5 6 8 9 10 11 13 14 15 16 | 16.9
Fighting       | 1 |  1.7
Polearms       | 2 3 |  3.7
Conjurations   | 3 5 6 8 |  8.7
Transmutations | 2 5 |  5.0
Translocations | 2 3 |  3.0
Air Magic      | 3 5 |  5.0
Shields        | 2 4 5 |  5.4
Unarmed Combat | |  0.2

Action                   |  1- 3 |  4- 6 |  7- 9 | 10-12 | 13-15 | 16-18 || total
-------------------------+-------+-------+-------+-------+-------+-------++-------
Melee: Unarmed           |    20 |       |       |       |       |       ||    20
       Spear             |       |       |     3 |    41 |       |       ||    44
       Tailslap          |       |       |       |    18 |    11 |    19 ||    48
       Punch             |       |       |       |     3 |       |       ||     3
       Flail             |       |       |       |    39 |    66 |    51 ||   156
 Cast: Sandblast         |    78 |    90 |   177 |   320 |   615 |       ||  1280
       Stone Arrow       |       |       |    18 |   107 |   205 |     9 ||   339
       Petrify           |       |       |     2 |    11 |     6 |     1 ||    20
       Iskenderun's Myst |       |       |       |     5 |    11 |     1 ||    17
       Statue Form       |       |       |       |       |     1 |       ||     1
       Arcjolt           |       |       |       |       |    14 |       ||    14
       Lee's Rapid Decon |       |       |       |       |    97 |    31 ||   128
 Abil: Breathe Frost     |       |       |       |     1 |     1 |       ||     2
  Use: Scroll            |       |     6 |    13 |    12 |     7 |     1 ||    39
       Potion            |       |     2 |       |       |     3 |       ||     5
 Stab: Petrified         |       |       |       |    15 |     1 |     6 ||    22
       Sleeping          |       |       |       |     2 |       |       ||     2
       Petrifying        |       |       |       |     1 |       |       ||     1
Armor: Skin              |    15 |    10 |    43 |   159 |   125 |    15 ||   367
Dodge: Dodged            |    39 |    75 |   103 |   448 |   590 |    74 ||  1329
Block: Other             |       |       |       |       |    84 |       ||    84
       Buckler           |       |       |       |       |    98 |    37 ||   135
       Reflection        |       |       |       |       |    10 |       ||    10

Table legend: (Time is in decaauts)
 A = Elapsed time spent in this place.
 B = Non-inter-level travel time spent in this place.
 C = Inter-level travel time spent in this place.
 D = Time resting spent in this place.
 E = Time spent auto-exploring this place.
 F = Levels seen in this place.
 G = Mean time per level.
                   A        B        C        D        E       F      G
               +--------+--------+--------+--------+--------+-----+--------+
         Total |  30814 |  29026 |   1788 |   4468 |  18799 |  25 | 1232.6 |
       Dungeon |  17865 |  16807 |   1058 |   2806 |  10952 |  15 | 1191.0 |
        Temple |    326 |    321 |      5 |      0 |    283 |   1 |  326.0 |
          Lair |   8617 |   8044 |    573 |   1021 |   5460 |   5 | 1723.4 |
  Orcish Mines |   2599 |   2448 |    151 |    473 |   1371 |   2 | 1299.5 |
       Ossuary |    679 |    679 |      0 |    167 |    313 |   1 |  679.0 |
      Gauntlet |    724 |    724 |      0 |      0 |    419 |   1 |  724.0 |
               +--------+--------+--------+--------+--------+-----+--------+

Top non-repeatable levels by time:
  Lair:2: 2268 daAuts
  Lair:5: 2001 daAuts
     D:9: 1720 daAuts
     D:6: 1707 daAuts
   Orc:2: 1662 daAuts
    D:10: 1617 daAuts
  Lair:3: 1582 daAuts
  Lair:4: 1560 daAuts
    D:14: 1378 daAuts
    D:13: 1309 daAuts
    D:15: 1287 daAuts
     D:7: 1261 daAuts
  Lair:1: 1205 daAuts
     D:2: 1191 daAuts
    D:12: 1143 daAuts
